AoeStats
← kable.xpress

Arabia

503667239Analyzed
1v1 RM · 1mo ago on Sep 1, 2026· 41m 33s· 2 players
Game mode
Random Map
Map size
Tiny (2 player)
Population
200
Speed
Normal
Resources
Standard
Victory
Conquest
Starting age
Dark Age
Ending age
Imperial Age
RankedLock teamsTeams togetherTeam positionsShared explorationLock speedFull tech treeHidden civsTurbo modeCheats
Victory
Defeat
🇵🇪 Hindustanis · Peru
2214
+14
🇦🇷 Tatars · Argentina
2175
-14
kable.xpress
6:26 Loom
8:51 Feudal Age
9:33 Double-Bit Axe
17:07 Gold Mining
19:50 Castle Age
18:22 Fletching
19:05 Horse Collar
20:25 Bodkin Arrow
19:51 Crossbowman
21:07 Bow Saw
22:56 Wheelbarrow
23:25 Padded Archer Armor
26:29 Hand Cart
32:09 Imperial Age
33:06 Ballistics
33:55 Chemistry
33:00 Bracer
34:39 Chemistry
34:21 Leather Archer Armor
34:34 Stone Mining
35:26 Scale Barding Armor
36:00 Heavy Camel Rider
36:50 Bloodlines
36:40 Husbandry
37:36 Chain Barding Armor
41:28 Heavy Plow
41:55 Forging
[VL] Lil Franco
5:24 Loom
8:47 Feudal Age
9:39 Double-Bit Axe
10:15 Horse Collar
15:54 Wheelbarrow
19:49 Castle Age
19:39 Fletching
21:11 Bow Saw
21:04 Town Watch
21:55 Bodkin Arrow
22:01 Padded Archer Armor
22:02 Elite Skirmisher
27:42 Gold Mining
27:47 Stone Mining
34:54 Imperial Age
32:52 Squires
33:39 Ballistics
33:37 Scale Mail Armor
35:34 Hand Cart
36:10 Chain Mail Armor
37:04 Conscription
37:05 Elite Ghulam
38:21 Forging
39:22 Chemistry
39:21 Forging
39:28 Bracer
40:58 Bloodlines
40:15 Heavy Camel Rider
40:55 Husbandry
Connection lost

Rejoining the realm…

Still unreachable

The connection could not be restored.

Session expired

The server has moved on; the page needs a fresh start.